 Dungeon Crawl Stone Soup version 0.25.1-2-g60ff931df9 (webtiles) character file.

Game seed: 4178419860515098295

2 H0rd4k the Insei (level 1, -1/13 HPs)
             Began as an Octopode Transmuter on Aug 26, 2020.
             Slain by a frilled lizard (2 damage)
             ... on level 1 of the Dungeon.
             The game lasted 00:00:07 (59 turns).

H0rd4k the Insei (Octopode Transmuter)                Turns: 59, Time: 00:00:08

Health: -1/13      AC:  1    Str:  9    XL:     1   Next: 40%
Magic:  3/3        EV: 13    Int: 15    God:
Gold:   7          SH:  0    Dex: 12    Spells: 3/4 levels left

rFire    . . .     SeeInvis .     - Unarmed
rCold    . . .     Gourm    .   (no shield)
rNeg     . . .     Faith    .   (helmet restricted)
rPois    .         Spirit   .   (no amulet)
rElec    .         Reflect  .   (no ring)
rCorr    .         Harm     .   (no ring)
MR       .....                  (no ring)
Stlth    ++........             (no ring)
HPRegen  0.04/turn              (no ring)
MPRegen  0.08/turn              (no ring)
                                (no ring)
                                (no ring)

@: no status effects
A: almost no armour, stealthy swim, amphibious, 8 rings, constrict 8, camouflage
1, gelatinous body 1
a: no special abilities


You were on level 1 of the Dungeon.
You were not hungry.

You visited 1 branch of the dungeon, and saw 1 of its levels.

You collected 7 gold pieces.

Inventory:

Missiles
 a - 12 arrows
Scrolls
 d - a scroll of teleportation {unknown}
Comestibles
 b - a chunk of flesh
 c - a ration


   Skills:
 + Level 1.0 Fighting
 + Level 2.0 Dodging
 + Level 3.2 Unarmed Combat
 + Level 2.0 Spellcasting
 + Level 2.0 Transmutations


You had 3 spell levels left.
You knew the following spells:

 Your Spells              Type           Power        Failure   Level  Hunger
a - Beastly Appendage     Tmut           #.....       10%         1    #......

Your spell library contained the following spells:

 Spells                   Type           Power        Failure   Level  Hunger
 Sticks to Snakes         Tmut           #.......     14%         2    ###....
 Spider Form              Tmut/Pois      #.........   41%         3    ###....
 Ice Form                 Ice/Tmut       #.......     82%         4    #####..
 Blade Hands              Tmut           #.........   95%         5    ######.


Dungeon Overview and Level Annotations

Branches:
Dungeon (1/15)

Altars:


Innate Abilities, Weirdness & Mutations

You cannot wear most types of armour.
You are very stealthy in the water. (Stealth+)
You are amphibious.
You can wear up to eight rings at the same time.
You can use your tentacles to constrict eight enemies at once.
Your skin changes colour to match your surroundings (Stealth+).
Your rubbery body absorbs attacks. (AC +1, EV +1)


Message History

The jackal misses you. The frilled lizard closely misses you.
The leopard gecko misses you. The jackal bites you.
The leopard gecko bites you but does no damage.
The jackal barely misses you.
You closely miss the leopard gecko. Your grab misses the leopard gecko.
The leopard gecko closely misses you.
You barely miss the leopard gecko. Your grab misses the leopard gecko.
The leopard gecko closely misses you. The frilled lizard closely misses you.
You barely miss the leopard gecko. You grab the leopard gecko.
You constrict the leopard gecko.
The leopard gecko bites you but does no damage.
The frilled lizard misses you. The leopard gecko bites you.
* * * LOW HITPOINT WARNING * * *
You tentacle-slap the leopard gecko.
The leopard gecko is moderately wounded.
You constrict the leopard gecko. The leopard gecko misses you.
You barely miss the leopard gecko.
The leopard gecko is heavily wounded.
You constrict the leopard gecko. The frilled lizard bites you.
You die...

###...........
#.............
#......)......
#.............
#.............
#.....h.l.#...
######...hh#..##..
#......###l#....#
#......# #@l.##.#
#......####.......
#.......##..≈≈≈≈..
#..........≈≈≈≈≈≈.
#.....#....≈≈≈≈≈≈.
#..........≈≈≈≈≈≈.
#.....#.#...≈≈≈≈..###
#.....#.###......#+.#+#
#..........#.....#.<>.#


You could see a leopard gecko, 3 jackals and a frilled lizard.

Vanquished Creatures
  A goblin (D:1)
  A bat (D:1)
  A frilled lizard (D:1)
3 creatures vanquished.

Notes
Turn   | Place    | Note
-------+----------+-------------------------------------------
     0 | D:1      | H0rd4k the Octopode Transmuter began the quest for the Orb.
     0 | D:1      | Reached XP level 1. HP: 13/13 MP: 3/3
    59 | D:1      | Slain by a frilled lizard

Illustrated notes

Levels and vault maps discovered:
D:1:      dpeg_arrival_pits, layout_rooms, lemuel_old_faithful

Action                   || total
-------------------------++-------
Melee: Unarmed           ||    12
       Constrict         ||     2
 Stab: Sleeping          ||     1
Armor: Skin              ||     2
Dodge: Dodged            ||    16
